 Dungeon Crawl Stone Soup version 0.30.0-5-g1a98f26d00 (webtiles) character file.

Game seed: 1094441579289065463

298 zlionsfan the Charlatan (level 5, -5/42 HPs)
             Began as a Demigod Artificer on May 10, 2023.
             Slain by a scorpion (6 damage)
             ... on level 4 of the Dungeon.
             The game lasted 00:08:51 (2277 turns).

zlionsfan the Charlatan (Demigod Artificer)         Turns: 2277, Time: 00:08:52

Health: -5/42      AC:  3    Str: 17    XL:     5   Next: 88%
Magic:  7/7        EV: 11    Int: 13    God:
Gold:   156        SH:  0    Dex: 14    Spells: 3/4 levels left

rFire   . . .        a - +0 club
rCold   . . .        (no shield)
rNeg    . . .        g - +0 leather armour
rPois   .            (no helmet)
rElec   .            (no cloak)
rCorr   .            (no gloves)
SInv    .            (no boots)
Will    .....        (no amulet)
Stlth   ++           (no ring)
HPRegen 0.27/turn    (no ring)
MPRegen 0.10/turn

%: no passive effects
@: lethally poisoned (-5 -> -11), attractive
A: high MP 1, forlorn, divine attributes
a: no special abilities


You were on level 4 of the Dungeon.
You visited 1 branch of the dungeon, and saw 4 of its levels.

You collected 156 gold pieces.

Inventory:

Hand Weapons
 a - a +0 club (weapon)
 b - a +0 sling
Missiles
 i - a throwing net
Armour
 g - a +0 leather armour (worn)
Magical Staves
 m - a staff of cold
Wands
 d - a wand of charming (3)
Scrolls
 e - a scroll of noise {unknown}
 h - 3 scrolls of identify {unknown}
 l - a scroll of vulnerability {unknown}
 o - a scroll of teleportation {unknown}
 p - a scroll of amnesia {unknown}
 q - a scroll of fog {unknown}
Potions
 j - a potion of ambrosia {unknown}
 k - a potion of flight {unknown}


   Skills:
 * Level 2.6 Fighting
 * Level 2.4 Maces & Flails
 + Level 1.5 Ranged Weapons
 + Level 2.5 Armour
 + Level 1.3 Dodging
 + Level 1.3 Stealth
 * Level 3.8 Evocations


You had 3 spell levels left.
You knew the following spells:

 Your Spells              Type           Power      Damage    Failure   Level
a - Beastly Appendage     Tmut           0%         N/A       36%         1

Your spell library contained the following spells:

 Spells                   Type           Power      Damage    Failure   Level
 Wereblood                Tmut           0%         N/A       50%         2
 Spider Form              Tmut/Pois      0%         N/A       73%         3


Dungeon Overview and Level Annotations

Branches:
Dungeon (4/15)
 Temple: D:4-7

Shops:
D:3 *


Innate Abilities, Weirdness & Mutations

You have an increased reservoir of magic. (+10% MP)
You shall have no god before yourself.
Your divine heritage dramatically boosts your attributes as you level up.


Message History

The scorpion stings you.
* * * LOW HITPOINT WARNING * * *
You are more poisoned.
The scorpion poisons you!
The scorpion stings you but does no damage.
You feel much better.
You feel very sick. The scorpion stings you!
You are lethally poisoned!
The scorpion poisons you!
You closely miss the scorpion.
The scorpion is almost dead.
You feel extremely sick. The scorpion stings you.
* * * LOW HITPOINT WARNING * * *
You barely miss the scorpion.
The scorpion is almost dead.
* * * LOW HITPOINT WARNING * * *
You feel very sick. The scorpion stings you.
* * * LOW HITPOINT WARNING * * *
The scorpion barely misses you.
You feel much better.
You feel very sick. The scorpion completely misses you.
You hit the scorpion but do no damage.
The scorpion is almost dead.
You feel very sick. The scorpion stings you.
* * * LOW HITPOINT WARNING * * *
You closely miss the scorpion.
The scorpion is almost dead.
* * * LOW HITPOINT WARNING * * *
You feel sick. The scorpion stings you.
* * * LOW HITPOINT WARNING * * *
It was a potion of attraction.
You feel attractive to monsters.
* * * LOW HITPOINT WARNING * * *
You feel sick. The scorpion stings you.
You die...

. ..h ..#+# ..#
......#.# #.....#.#
^.......#######
.......<......# .#
#...#.........#
#..# .
#.........#...###
...........@s......
###...........#####
#............#
#.........##..#
#.(.......# #.#
##.##.##### .# ..
.. . ## #


You could see a scorpion.

Vanquished Creatures
  Sigmund (D:3)
  Ijyb (D:3)
  Natasha (D:2)
  Terence (D:3)
  2 adders
  2 dart slugs
  An orc (D:3)
  A ball python (D:2)
  4 endoplasms
  2 giant cockroaches (D:3)
  3 jackals (D:1)
  2 quokkas
  2 bats
  2 frilled lizards (D:1)
  10 goblins
  4 kobolds
  2 rats
  A spectral kobold (D:1)
42 creatures vanquished.

Vanquished Creatures (collateral kills)
  A goblin (D:1)
  2 kobolds (D:1)
3 creatures vanquished.

Vanquished Creatures (others)
  A goblin (D:1)
  A hobgoblin (D:2)
  A jackal (D:1)
3 creatures vanquished.

Grand Total: 48 creatures vanquished

Notes
Turn   | Place    | Note
-------+----------+-------------------------------------------
     0 | D:1      | zlionsfan the Demigod Artificer began the quest for the
                  | Orb.
     0 | D:1      | Reached XP level 1. HP: 15/15 MP: 3/3
    62 | D:1      | Reached skill level 1 in Fighting
   240 | D:1      | Reached skill level 3 in Evocations
   296 | D:1      | Reached XP level 2. HP: 22/23 MP: 4/4
  1108 | D:2      | Reached skill level 1 in Dodging
  1108 | D:2      | Reached skill level 1 in Stealth
  1108 | D:2      | Reached XP level 3. HP: 28/28 MP: 5/5
  1147 | D:2      | Noticed Natasha
  1150 | D:2      | Killed Natasha
  1151 | D:2      | Reached skill level 1 in Maces & Flails
  1338 | D:2      | You fall into a shaft and drop 1 floor!
  1339 | D:3      | Found Afuihe's Assorted Antiques.
  1386 | D:3      | Noticed Ijyb
  1419 | D:3      | Killed Ijyb
  1420 | D:3      | Reached XP level 4. HP: 26/36 MP: 6/6
  1551 | D:3      | Noticed Sigmund
  1559 | D:3      | Killed Sigmund
  1560 | D:3      | Reached skill level 1 in Ranged Weapons
  1560 | D:3      | Reached XP level 5. HP: 42/42 MP: 7/7
  1651 | D:3      | Noticed Terence
  1991 | D:3      | Killed Terence
  2111 | D:3      | Learned a level 1 spell: Beastly Appendage
  2273 | D:4      | HP: 2/42 [scorpion (4)]
  2277 | D:4      | Slain by a scorpion

Illustrated notes

Levels and vault maps discovered:
D:1:      matt_arrival_refuge, layout_loops_ring,
          dreamdust_ecumenical_altar_drowned_temple, kennysheep_boxes
D:2:      minmay_inner_zag, layout_basic, serial_shops, shop, uniq_natasha
D:3:      kennysheep_the_goblin_king, layout_loops_cross, serial_shops,
          nicolae_shop_overgrown_old_shop, hangedman_decor_clover_reticule,
          uniq_terence, uniq_sigmund
D:4:      layout_rooms, pdpol_temple_overflow_zin_treasury_gozag_greed,
          kennysheep_mini_moat, enter_ossuary_5

Skill      XL: |  1  2  3  4 |
---------------+-------------+-----
Fighting       | 1 2 |  2.6
Evocations     | 3 |  3.8
Dodging        | 1 |  1.3
Stealth        | 1 |  1.3
Maces & Flails | 1 2 |  2.4
Armour         | 2 |  2.5
Ranged Weapons | 1 |  1.5

Action                     |  1- 3 |  4- 6 || total
---------------------------+-------+-------++-------
  Melee: Club              |   110 |    48 ||   158
         Punch             |       |     1 ||     1
   Fire: Sling             |    16 |     9 ||    25
  Evoke: Wand              |    19 |    21 ||    40
    Use: Potion            |     2 |     5 ||     7
   Stab: Distracted        |       |     1 ||     1
         Sleeping          |       |     1 ||     1
 Armour: Leather armour    |    35 |    11 ||    46
  Dodge: Dodged            |    82 |    39 ||   121
